 Dungeon Crawl Stone Soup version 0.32-a0-520-g344ed53f66 (webtiles) character file.

Game seed: 16353419143661240523

180 javelincjr the Grasshopper (level 5, -1/41 HPs)
             Began as a Demonspawn Warper on Feb 27, 2024.
             Slain by Pargi (3 damage)
             ... in a sewer.
             The game lasted 00:07:48 (2046 turns).

javelincjr the Grasshopper (Demonspawn Warper)      Turns: 2046, Time: 00:07:48

Health: -1/41      AC:  5    Str: 14    XL:     5   Next: 33%
Magic:  8/8        EV: 12    Int: 13    God:
Gold:   227        SH:  4    Dex: 12    Spells: 4/8 levels left

rFire   . . .        e - +0 spear
rCold   . . .        (no shield)
rNeg    . . .        b - +0 leather armour
rPois   .            (no helmet)
rElec   .            (no cloak)
rCorr   .            (no gloves)
SInv    .            n - +1 pair of boots
Will    .....        (no amulet)
Stlth   +            (no ring)
HPRegen 0.26/turn    (no ring)
MPRegen 0.11/turn

%: no passive effects
@: no status effects
A: large bone plates 1, ignite blood 1, spiny 1
a: no special abilities


You were in a sewer.
You visited 1 branch of the dungeon, and saw 3 of its levels.
You also visited: Sewer.

You collected 227 gold pieces.

Inventory:

Hand Weapons
 a - a +0 hand axe
 e - a +0 spear (weapon)
 s - a +1 short sword of electrocution
Missiles
 d - 5 darts of dispersal
 r - 3 atropa-tipped darts (quivered)
Armour
 b - a +0 leather armour (worn)
 i - a +0 ring mail
 n - a +1 pair of boots (worn)
Jewellery
 k - a ring of fire
Talismans
 o - a serpent talisman
Scrolls
 c - 3 scrolls of blinking
 f - a scroll of enchant armour
 g - a scroll of teleportation
 m - a scroll of fear
Potions
 h - a potion of curing {unknown}
 j - 2 potions of haste
 p - a potion of brilliance {unknown}


   Skills:
 * Level 3.0 Fighting
 - Level 1.7(2.0) Axes
 + Level 1.1(1.6) Polearms
 + Level 1.5 Throwing
 + Level 1.6 Armour
 + Level 2.2 Dodging
 + Level 1.3 Stealth
 + Level 2.4 Spellcasting
 * Level 3.4 Translocations


You had 4 spell levels left.
You knew the following spells:

 Your Spells              Type           Power      Damage    Failure   Level
a - Blink                 Tloc           20%        N/A       11%         2
b - Lesser Beckoning      Tloc           20%        N/A       11%         2

Your spell library contained the following spells:

 Spells                   Type           Power      Damage    Failure   Level
 Teleport Other           Tloc           10%        N/A       22%         3
 Ensorcelled Hibernation  Hex/Ice        2%         N/A       41%         2
 Jinxbite                 Hex            2%         N/A       41%         2
 Manifold Assault         Tloc           10%        N/A       58%         4
 Passwall                 Erth           1%         N/A       65%         3
 Swiftness                Air            1%         N/A       65%         3
 Vhi's Electric Charge    Tloc/Air       12%        N/A       82%         4
 Yara's Violent Unravell  Hex/Alch       0%         3d3       100%        5
 Enfeeble                 Hex            0%         N/A       100%        7


Dungeon Overview and Level Annotations

Branches:
Dungeon (3/15)              Sewer (1/1)

Altars:

Annotations:
D:3 1 runed translucent door, retardedninja's ghost, amateur MDFi Sewer Pargi


Innate Abilities, Weirdness & Mutations

You are partially covered in large bone plates. (SH +4)
Your demonic aura sometimes causes spilled blood to erupt in flames.
You are partially covered in sharp spines.


Message History

* * * LOW HITPOINT WARNING * * *
Pargi claws you but does no damage.
You hit Pargi.
Pargi is severely wounded.
Pargi closely misses you. Pargi completely misses you. Pargi claws you.
* * * LOW HITPOINT WARNING * * *
You completely miss Pargi.
Pargi is severely wounded.
You block Pargi's attack. Pargi barely misses you. Pargi claws you.
* * * LOW HITPOINT WARNING * * *
You closely miss Pargi.
Pargi is severely wounded.
Pargi is struck by your spines. Pargi bites you but does no damage.
Pargi claws you but does no damage. x2
You closely miss Pargi.
Pargi is severely wounded.
Pargi misses you. Pargi claws you.
* * * LOW HITPOINT WARNING * * *
You block Pargi's attack.
You completely miss Pargi.
Pargi is severely wounded.
You block Pargi's attack. Pargi claws you but does no damage.
Pargi closely misses you.
You barely miss Pargi.
Pargi is severely wounded.
Pargi is struck by your spines. Pargi barely misses you.
Pargi closely misses you. Pargi misses you.
You hit Pargi.
Pargi is severely wounded.
Pargi barely misses you. Pargi misses you. You block Pargi's attack.
You hit Pargi.
Pargi is severely wounded.
Pargi is struck by your spines. Pargi misses you.
Pargi claws you but does no damage. You block Pargi's attack.
You miss Pargi.
Pargi is almost dead.
Pargi bites you.
* * * LOW HITPOINT WARNING * * *
You block Pargi's attack. Pargi claws you.
You die...

##...## ##.## #.#
#.# #.# . #.# ...
#.#
.....####.#######
((..((!T@.......∩
.....####.#######
... #.# . #.# ###


You could see Pargi.

Vanquished Creatures
  A brain worm (Sewer)
  An orc wizard (D:3)
  4 adders
  2 ribbon worms
  5 orcs
  5 endoplasms
  4 giant cockroaches
  3 hobgoblins
  3 quokkas
  9 bats
  3 frilled lizards
  3 goblins
  5 kobolds
  4 rats
52 creatures vanquished.

Notes
Turn   | Place    | Note
-------+----------+-------------------------------------------
     0 | D:1      | javelincjr the Demonspawn Warper began the quest for the
                  | Orb.
     0 | D:1      | Reached XP level 1. HP: 16/16 MP: 3/3
   393 | D:1      | Reached skill level 1 in Throwing
   393 | D:1      | Reached skill level 1 in Armour
   548 | D:1      | Gained mutation: You are partially covered in sharp spines.
                  | [demonic ancestry]
   548 | D:1      | Reached XP level 2. HP: 22/22 MP: 5/5
  1123 | D:2      | Learned a level 2 spell: Blink
  1126 | D:2      | Learned a level 2 spell: Lesser Beckoning
  1138 | D:2      | Gained mutation: Your demonic aura sometimes causes spilled
                  | blood to erupt in flames. [demonic ancestry]
  1138 | D:2      | Reached XP level 3. HP: 28/28 MP: 6/6
  1794 | D:3      | Gained mutation: You are partially covered in large bone
                  | plates. (SH +4) [demonic ancestry]
  1794 | D:3      | Reached XP level 4. HP: 27/34 MP: 7/7
  1856 | D:3      | Found a runed translucent door.
  1857 | D:3      | Noticed retardedninja's ghost (amateur MDFi)
  1858 | D:3      | Noticed a scorpion
  1904 | D:3      | Reached skill level 1 in Stealth
  1972 | D:3      | Found a glowing drain.
  1976 | Sewer    | Entered a sewer
  1994 | Sewer    | Noticed a brain worm
  2004 | Sewer    | Killed a brain worm
  2005 | Sewer    | Reached skill level 1 in Polearms
  2005 | Sewer    | Reached XP level 5. HP: 38/41 MP: 8/8
  2015 | Sewer    | Noticed Pargi
  2046 | Sewer    | HP: 2/41 [Pargi (6)]
  2046 | Sewer    | Slain by Pargi

Illustrated notes

Levels and vault maps discovered:
D:1:      minmay_arrival_nine_rooms, layout_loops_corners, hangedman_decor_push,
          minmay_pentomino_u2
D:2:      layout_rooms, minmay_tall_x
D:3:      layout_rooms, mainiacjoe_overflow_concentric_impassable,
          gup_sewer_entry_bowl, ebering_ghost_inner_flame,
          kennysheep_minor_cross
Sewer:    sewer_big_baddie

Skill      XL: |  1  2  3  4 |
---------------+-------------+-----
Throwing       | 1 |  1.5
Armour         | 1 |  1.6
Translocations | 3 |  3.4
Dodging        | 2 |  2.2
Stealth        | 1 |  1.3
Fighting       | 3 |  3.0
Polearms       | 1 |  1.1
Axes           | |  1.7
Spellcasting   | |  2.4

Action                     |  1- 3 |  4- 6 || total
---------------------------+-------+-------++-------
  Melee: Spear             |   109 |    83 ||   192
         Hand axe          |     2 |       ||     2
  Throw: Dart              |     2 |     9 ||    11
   Cast: Blink             |     1 |       ||     1
    Use: Scroll            |     5 |       ||     5
 Armour: Leather armour    |    50 |    58 ||   108
  Dodge: Dodged            |    44 |    39 ||    83
         Repelled          |     1 |       ||     1
  Block: Other             |       |    23 ||    23

Table legend: (Time is in decaauts)
 A = Elapsed time spent in this place.
 B = Non-inter-level travel time spent in this place.
 C = Inter-level travel time spent in this place.
 D = Time resting spent in this place.
 E = Time spent auto-exploring this place.
 F = Levels seen in this place.
 G = Mean time per level.
                   A        B        C        D        E       F      G
               +--------+--------+--------+--------+--------+-----+--------+
         Total |   2058 |   1998 |     60 |     72 |   1375 |   4 |  514.5 |
       Dungeon |   1989 |   1929 |     60 |     72 |   1365 |   3 |  663.0 |
         Sewer |     69 |     69 |      0 |      0 |     10 |   1 |   69.0 |
               +--------+--------+--------+--------+--------+-----+--------+

Top non-repeatable levels by time:
     D:1: 955 daAuts
     D:2: 815 daAuts
     D:3: 218 daAuts
   Sewer: 69 daAuts
